AoeStats
← kqlymon

Arabia

505830581Analyzed
1v1 RM · 20d ago on Sep 11, 2026· 54m 19s· 2 players
Game mode
Random Map
Map size
Tiny (2 player)
Population
200
Speed
Normal
Resources
Standard
Victory
Conquest
Starting age
Dark Age
Ending age
Imperial Age
RankedLock teamsTeams togetherTeam positionsShared explorationLock speedFull tech treeHidden civsTurbo modeCheats
Victory
Defeat
🇸🇬 Spanish · Singapore
1076
+14
🇦🇺 Hindustanis · Australia
1040
-14
Great
8:23 Loom
10:33 Feudal Age
17:02 Castle Age
15:30 Double-Bit Axe
15:25 Horse Collar
16:24 Scale Barding Armor
18:09 Forging
21:53 Heavy Plow
24:17 Wheelbarrow
23:30 Town Watch
27:25 Hand Cart
35:16 Bow Saw
40:13 Imperial Age
38:07 Fletching
38:41 Grand Trunk Road
39:39 Sanctity
40:02 Bodkin Arrow
41:02 Bracer
40:49 Elite Skirmisher
41:33 Padded Archer Armor
43:45 Two-Man Saw
42:44 Gold Mining
42:48 Stone Mining
43:20 Ballistics
43:34 Leather Archer Armor
44:25 Chemistry
43:49 Conscription
44:45 Gold Shaft Mining
44:31 Thumb Ring
46:21 Ring Archer Armor
46:39 Bloodlines
46:30 Husbandry
45:50 Light Cavalry
48:37 Chain Barding Armor
49:56 Plate Barding Armor
55:10 Iron Casting
kqlymon
11:16 Loom
13:25 Feudal Age
17:48 Castle Age
16:23 Double-Bit Axe
17:32 Horse Collar
17:46 Gold Mining
18:00 Stone Mining
19:11 Bow Saw
19:19 Heavy Plow
26:44 Wheelbarrow
30:16 Bloodlines
30:10 Husbandry
30:26 Padded Archer Armor
33:09 Leather Archer Armor
33:06 Masonry
33:17 Ballistics
34:31 Stone Shaft Mining
34:13 Hand Cart
33:44 Town Watch
34:24 Squires
33:45 Pikeman
37:45 Imperial Age
38:09 Scale Mail Armor
38:19 Forging
38:01 Arson
39:08 Hoardings
38:53 Conscription
40:28 Guilds
39:44 Halberdier
40:41 Devotion
40:57 Elite Conquistador
42:38 Chain Mail Armor
42:58 Iron Casting
43:39 Ring Archer Armor
44:57 Chemistry
44:29 Town Patrol
47:08 Plate Mail Armor
47:38 Blast Furnace
48:14 Supremacy
52:02 Light Cavalry
54:07 Guard Tower
54:48 Architecture
54:14 Murder Holes
Connection lost

Rejoining the realm…

Still unreachable

The connection could not be restored.

Session expired

The server has moved on; the page needs a fresh start.